 Dungeon Crawl Stone Soup version 0.31-a0-1019-g3dd9dd1025 (webtiles) character file.

Game seed: 7354894502562491804

294 Colgate the Shooter (level 5, -2/38 (41) HPs)
             Began as a Demigod Hunter on Nov 17, 2023.
             Slain by a phantom (5 damage)
             ... on level 5 of the Dungeon.
             The game lasted 00:22:21 (5030 turns).

Colgate the Shooter (Demigod Hunter)                Turns: 5030, Time: 00:22:22

HP:   -2/38 (41)    AC:  7    Str: 12    XL:     5   Next: 85%
MP:   7/7           EV: 12    Int: 11    God:
Gold: 109           SH:  0    Dex: 21    Spells: 4/4 levels left

rFire   . . .        a - +0 shortbow
rCold   . . .        (shield currently unavailable)
rNeg    . . .        m - +2 leather armour {Will+}
rPois   .            (no helmet)
rElec   .            (no cloak)
rCorr   .            b - +1 pair of gloves
SInv    +            (no boots)
Will    +....        (no amulet)
Stlth   ++           (no ring)
HPRegen 0.26/turn    (no ring)
MPRegen 0.10/turn

%: no passive effects
@: mighty, attractive, drained
A: high MP 1, forlorn, divine attributes
a: no special abilities


You were on level 5 of the Dungeon.
You visited 2 branches of the dungeon, and saw 6 of its levels.

You collected 109 gold pieces.

Inventory:

Hand Weapons
 a - a +0 shortbow (weapon)
Armour
 b - a +1 pair of gloves (worn)
 m - a +2 leather armour of willpower (worn)
Magical Staves
 i - a staff of air
Wands
 c - a wand of charming (26)
Scrolls
 e - a scroll of fog
 h - a scroll of immolation
 n - a scroll of vulnerability {unknown}
 p - a scroll of enchant weapon {unknown}
Potions
 g - a potion of enlightenment
 j - 2 potions of cancellation
 l - a potion of degeneration
 o - 2 potions of berserk rage


   Skills:
 - Level 1.7 Fighting
 + Level 6.7 Ranged Weapons
 - Level 1.7 Dodging
 - Level 1.0 Stealth


You had 4 spell levels left.
You didn't know any spells.
Your spell library was empty.

Dungeon Overview and Level Annotations

Branches:
Dungeon (5/15)             Temple (1/1) D:4

Annotations:
D:4 phantom
D:5 exclusion: wight


Innate Abilities, Weirdness & Mutations

You have an increased reservoir of magic. (+10% MP)
You shall have no god before yourself.
Your divine heritage dramatically boosts your attributes as you level up.


Message History

You feel drained. The wight closely misses you.
Fire: a) +0 shortbow
Press: ? - help, Q - select action, (/) - cycle Shift-Dir - straight line, f/p - wight
Aim: a wight, wielding a +0 dire flail and wearing a +0 robe (65% to hit)
You shoot an arrow. The arrow completely misses the wight.
The wight closely misses you.
Fire: a) +0 shortbow
Press: ? - help, Q - select action, (/) - cycle Shift-Dir - straight line, f/p - wight
Aim: a wight, wielding a +0 dire flail and wearing a +0 robe (65% to hit)
You shoot an arrow.
The arrow hits the wight but does no damage.
The wight barely misses you.
Fire: a) +0 shortbow
Press: ? - help, Q - select action, (/) - cycle Shift-Dir - straight line, f/p - wight
Aim: a wight, wielding a +0 dire flail and wearing a +0 robe (65% to hit)
You shoot an arrow. The arrow hits the wight!
Fire: a) +0 shortbow
Press: ? - help, Q - select action, (/) - cycle Shift-Dir - straight line, f/p - wight
Aim: a wight, wielding a +0 dire flail and wearing a +0 robe (heavily damaged, 65% to hit)
You shoot an arrow. The arrow hits the phantom.
Fire: a) +0 shortbow
Press: ? - help, Q - select action, (/) - cycle Shift-Dir - straight line, f/p - wight
Aim: a wight, wielding a +0 dire flail and wearing a +0 robe (heavily damaged, 65% to hit)
You shoot an arrow. The arrow hits the phantom!
The phantom hits you but does no damage.
The phantom hits you.
* * * LOW HITPOINT WARNING * * *
It was a potion of attraction.
You feel attractive to monsters. The phantom hits you.
* * * LOW HITPOINT WARNING * * *
As you read the scroll labelled JAWIH CAAWK, it crumbles to dust.
You hear a loud clanging noise!
It was a scroll of noise.
You hear an angry hiss.
The phantom closely misses you.
As you read the scroll labelled TUIWUJ XIWESM, it crumbles to dust.
You feel aware of your surroundings.
It was a scroll of revelation.
The phantom hits you.
You die...

#.# ##'## #..z....# #>#
#######.##########.## #.#
#######.####### #.# #.#
#######......## #z#
#.##########...###.## #.#
#....######.....##.#####.#
####.#######.........z...#
#...........###.#######
##########@####.##
#######W####.##
#######z####.##
******#########......##
*<,,,,....#####.#######
*,**####...####.########
*,* #.........#........#
*,* #.........#..#####.#
*,* #.........#..# *,*


You could see a phantom and a wight.

Vanquished Creatures
  A howler monkey (D:4)
  A jelly (D:5)
  2 sleepcaps (D:5)
  Jessica (D:3)
  5 adders
  4 worms
  4 dart slugs
  An orc (D:5)
  6 endoplasms
  6 giant cockroaches
  9 hobgoblins
  8 kobolds
  6 quokkas
  11 ball pythons
  7 bats
  3 frilled lizards
  3 goblins
  4 rats
82 creatures vanquished.

Vanquished Creatures (others)
  A giant cockroach (D:4)
1 creature vanquished.

Grand Total: 83 creatures vanquished

Notes
Turn   | Place    | Note
-------+----------+-------------------------------------------
     0 | D:1      | Colgate the Demigod Hunter began the quest for the Orb.
     0 | D:1      | Reached XP level 1. HP: 17/17 MP: 3/3
   279 | D:1      | Reached skill level 4 in Ranged Weapons
   333 | D:1      | Reached XP level 2. HP: 14/24 MP: 4/4
  1062 | D:2      | Reached XP level 3. HP: 29/29 MP: 5/5
  1268 | D:2      | Reached skill level 5 in Ranged Weapons
  2049 | D:3      | Noticed Jessica
  2054 | D:3      | Killed Jessica
  2055 | D:3      | Reached XP level 4. HP: 36/36 MP: 6/6
  3621 | D:4      | Reached skill level 6 in Ranged Weapons
  3621 | D:4      | Reached XP level 5. HP: 32/41 MP: 7/7
  3793 | D:4      | Reached skill level 1 in Stealth
  4092 | D:4      | Found a staircase to the Ecumenical Temple.
  4101 | Temple   | Entered the Ecumenical Temple
  4421 | D:5      | Entered Level 5 of the Dungeon
  5030 | D:5      | Slain by a phantom

Illustrated notes

Levels and vault maps discovered:
D:1:      lightli_arrival_chessboard, layout_basic
D:2:      layout_basic, nicolae_wormholes
D:3:      layout_loops_ring, nicolae_dithmenos_shadow_blocks,
          nicolae_uskayaw_murder_on_the_dancefloor, mainiacjoe_overflow_paths,
          uniq_jessica
D:4:      layout_gridville, mainiacjoe_overflow_cross_hatched,
          lemuel_round_altar, lemuel_temple_firewalk_a, dk_noncrumbling_3
D:5:      black_bear_nest_2, layout_loops_corners, amcnicky_altar_gilded
Temple:   nicolae_temple_stand_before_the_council

Skill      XL: |  1  2  3  4  5 |
---------------+----------------+-----
Ranged Weapons | 4 5 6 |  6.7
Stealth        | 1 |  1.0
Fighting       | |  1.7
Dodging        | |  1.7

Action                     |  1- 3 |  4- 6 || total
---------------------------+-------+-------++-------
   Fire: Shortbow          |   136 |   118 ||   254
    Use: Scroll            |     5 |     6 ||    11
         Potion            |     1 |     2 ||     3
 Armour: Leather armour    |    33 |    21 ||    54
  Dodge: Dodged            |    30 |    24 ||    54

Table legend: (Time is in decaauts)
 A = Elapsed time spent in this place.
 B = Non-inter-level travel time spent in this place.
 C = Inter-level travel time spent in this place.
 D = Time resting spent in this place.
 E = Time spent auto-exploring this place.
 F = Levels seen in this place.
 G = Mean time per level.
                   A        B        C        D        E       F      G
               +--------+--------+--------+--------+--------+-----+--------+
         Total |   5081 |   4869 |    212 |    891 |   3116 |   6 |  846.8 |
       Dungeon |   5079 |   4867 |    212 |    891 |   3116 |   5 | 1015.8 |
        Temple |      1 |      1 |      0 |      0 |      0 |   1 |    1.0 |
               +--------+--------+--------+--------+--------+-----+--------+

Top non-repeatable levels by time:
     D:4: 1385 daAuts
     D:3: 1124 daAuts
     D:2: 1088 daAuts
     D:1: 870 daAuts
     D:5: 610 daAuts
  Temple: 1 daAuts
